 Dungeon Crawl Stone Soup version 0.30.1-10-g1249ef9ec4 (webtiles) character file.

Game seed: 790068235847136032

306 KittyFluff the Cudgeller (level 6, -3/57 HPs)
             Began as a Gargoyle Berserker on Oct 26, 2023.
             Was a Priest of Trog.
             Slain by a lemure (5 damage)
             ... led by Pikel
             ... on level 4 of the Dungeon.
             The game lasted 00:09:59 (2593 turns).

KittyFluff the Cudgeller (Gargoyle Berserker)       Turns: 2593, Time: 00:10:00

Health: -3/57      AC: 11    Str: 23    XL:     6   Next: 39%
Magic:  6/6        EV: 11    Int:  7    God:    Trog [***...]
Gold:   232        SH:  5    Dex:  9    Spells: 5/5 levels left

rFire   + . .        a - +0 mace
rCold   . . .        p - +2 buckler
rNeg    + + .        z - +0 leather armour
rPois   ∞            (no helmet)
rElec   +            (no cloak)
rCorr   .            (no gloves)
SInv    .            i - +2 pair of boots
Will    .....        (no amulet) Stlth
                     m - ring of protection from fire
HPRegen 0.29/turn    t - ring of positive energy
MPRegen 0.10/turn

%: no passive effects
@: berserking, very quick
A: sickness immunity, AC +4, negative energy resistance 1, electricity
resistance, torment resistance 1, petrification resistance
a: Renounce Religion, Berserk, Trog's Hand


You were on level 4 of the Dungeon.
You worshipped Trog.
Trog was most pleased with you.
You visited 1 branch of the dungeon, and saw 4 of its levels.

You collected 232 gold pieces.

Inventory:

Hand Weapons
 a - a +0 mace (weapon)
 f - a +0 sling
Missiles
 x - 5 poisoned darts (quivered)
Armour
 i - a +2 pair of boots (worn)
 p - a +2 buckler (worn)
 z - a +0 leather armour (worn)
Jewellery
 d - a ring of ice
 m - a ring of protection from fire (left hand)
 t - a ring of positive energy (right hand)
Scrolls
 c - 5 scrolls of identify
 j - a scroll of teleportation {unknown}
 k - 3 scrolls of enchant weapon {unknown}
 n - 2 scrolls of noise {unknown}
 o - 2 scrolls of immolation {unknown}
 r - 2 scrolls of enchant armour {unknown}
 v - a scroll of fog {unknown}
 w - a scroll of poison {unknown}
 y - a scroll of vulnerability {unknown}
Potions
 e - a potion of lignification
 g - a potion of mutation
 h - 2 potions of degeneration {unknown}
 l - a potion of attraction {unknown}
 q - 2 potions of haste {unknown}
 s - a potion of invisibility {unknown}


   Skills:
 + Level 4.2 Fighting
 * Level 4.6 Maces & Flails
 * Level 4.3 Armour
 + Level 2.4 Dodging
 + Level 1.5 Shields


You had 5 spell levels left.
You didn't know any spells.
Your spell library was empty.

Dungeon Overview and Level Annotations

Branches:
Dungeon (4/15)
 Temple: D:4-7

Altars:
Makhleb
Yredelemnul
The Shining One

Annotations:
D:4 Pikel


Innate Abilities, Weirdness & Mutations

You are immune to sickness and miasma.
Your stone body is resilient. (AC +4)
You are immune to poison.
You resist negative energy. (rN+)
You are resistant to electric shocks. (rElec)
You are resistant to unholy torment.
You are immune to petrification.


Message History

The lemure hits you.
* * * LOW HITPOINT WARNING * * *
You hit the lemure.
The lemure is lightly wounded.
You hear the slow rusting of a very distant drain.
The lemure hits you but does no damage. x2
You hit the lemure.
The lemure is lightly wounded.
The lemure completely misses you.
Pikel hits you with a +0 whip of flaming.
* * * LOW HITPOINT WARNING * * *
You block the lemure's attack. The lemure barely misses you.
A red film seems to cover your vision as you go berserk!
You feel yourself moving faster!
You feel mighty! The lemure hits you.
* * * LOW HITPOINT WARNING * * *
The lemure barely misses you.
Pikel hits you with a +0 whip of flaming.
* * * LOW HITPOINT WARNING * * *
You closely miss Pikel. You hit Pikel.
Pikel is lightly wounded.
The lemure hits you but does no damage. Pikel hits you but does no damage.
The lemure hits you but does no damage.
You hit Pikel.
Pikel is lightly wounded.
The lemure closely misses you. The lemure hits you but does no damage.
Pikel hits you with a +0 whip of flaming.
* * * LOW HITPOINT WARNING * * *
You thump Pikel!
Pikel is moderately wounded.
The lemure hits you but does no damage. x2
Pikel says, "You'll make a fine lemure."
Pikel hits you with a +0 whip of flaming.
* * * LOW HITPOINT WARNING * * *
You sock Pikel!
Pikel is severely wounded.
You hit Pikel.
Pikel is almost dead.
The lemure hits you.
You die...

........
.......
5.....
#....#####
#...5#...#
+....'...#
#....#...#
#...5#5..#
#...5K@..#
#....#5..# .
#....#####..
#...........
#...........
#...........
#[..........
#....#######
#....#


You could see Pikel and 4 lemures.

Vanquished Creatures
  A water moccasin (D:4)
  Crazy Yiuf (D:2)
  10 adders
  A dart slug (D:1)
  6 orcs
  5 ball pythons
  9 endoplasms
  2 giant cockroaches (D:2)
  5 goblins
  10 hobgoblins
  13 kobolds
  6 quokkas
  6 bats
  2 frilled lizards
  8 rats
85 creatures vanquished.

Notes
Turn   | Place    | Note
-------+----------+-------------------------------------------
     0 | D:1      | KittyFluff the Gargoyle Berserker began the quest for the
                  | Orb.
     0 | D:1      | Reached XP level 1. HP: 14/14 MP: 1/1
   122 | D:1      | Reached XP level 2. HP: 18/19 MP: 2/2
   416 | D:1      | Reached XP level 3. HP: 23/23 MP: 3/3
   784 | D:2      | Reached ** piety under Trog
   917 | D:2      | Reached XP level 4. HP: 29/29 MP: 4/4
  1353 | D:2      | Found a runed translucent door.
  1354 | D:2      | Noticed Crazy Yiuf
  1363 | D:2      | Killed Crazy Yiuf
  1364 | D:2      | Reached XP level 5. HP: 33/33 MP: 5/5
  1883 | D:3      | Found a burning altar of Makhleb.
  1885 | D:3      | Noticed a blizzard demon
  2024 | D:3      | Reached skill level 1 in Shields
  2145 | D:3      | Found a glowing golden altar of the Shining One.
  2148 | D:3      | Noticed an angel
  2153 | D:3      | Found a basalt altar of Yredelemnul.
  2411 | D:3      | Found a faded altar of an unknown god.
  2448 | D:3      | Reached *** piety under Trog
  2511 | D:4      | Noticed a water moccasin
  2522 | D:4      | Killed a water moccasin
  2523 | D:4      | Reached XP level 6. HP: 32/38 MP: 6/6
  2572 | D:4      | Noticed Pikel
  2591 | D:4      | HP: 1/57 [Pikel/+0 whip of flaming (3)]
  2593 | D:4      | Slain by a lemure

Illustrated notes

Levels and vault maps discovered:
D:1:      dpeg_arrival_water_altar, layout_loops_ring, minmay_pentomino_s4
D:2:      minmay_spotlight, layout_loops_cross, uniq_crazy_yiuf_cottage
D:3:      layout_loops_cross, makhleb_altar_promises_db,
          grunt_temple_overflow_holy_war, shapermc_ecumenical_altar_acropolis,
          minmay_goblin_kobold_house
D:4:      layout_gridville, gammafunk_ghost_nasty_kobolds,
          gup_sewer_entry_glass, uniq_pikel

Skill      XL: |  1  2  3  4  5 |
---------------+----------------+-----
Armour         | 3 4 |  4.3
Dodging        | 2 |  2.4
Maces & Flails | 4 |  4.6
Shields        | 1 |  1.5
Fighting       | 4 |  4.2

Action                     |  1- 3 |  4- 6 || total
---------------------------+-------+-------++-------
  Melee: Mace              |   116 |   206 ||   322
         Punch             |     1 |       ||     1
 Invoke: Berserk           |       |     3 ||     3
    Use: Scroll            |       |     2 ||     2
 Armour: Animal skin       |    41 |    67 ||   108
         Leather armour    |       |    39 ||    39
  Dodge: Dodged            |    78 |   124 ||   202
  Block: Buckler           |       |    49 ||    49
